 Dungeon Crawl Stone Soup version 0.31-a0-348-g810772c3d7 (webtiles) character file.

Game seed: 690077842169820112

70 EC1 the Slasher (level 4, -1/3 HPs)
             Began as a Human Gladiator on July 23, 2023.
             Was a Follower of Elyvilon.
             Slain by a goblin
             ... wielding a +0 dagger
              (4 damage)
             ... on level 3 of the Dungeon.
             The game lasted 00:04:41 (1569 turns).

EC1 the Slasher (Human Gladiator)                   Turns: 1569, Time: 00:04:42

Health: -1/3       AC:  2    Str: 16    XL:     4   Next: 45%
Magic:  4/4        EV: 10    Int:  9    God:    Elyvilon [*.....]
Gold:   88         SH:  0    Dex: 14    Spells: 3/3 levels left

rFire   x . .        h - melded +2 dagger (venom)
rCold   + . .        (shield currently unavailable)
rNeg    . . .        l - +0 scale mail
rPois   .            c - +1 helmet
rElec   .            (no cloak)
rCorr   .            (gloves currently unavailable)
SInv    .            (no boots)
Will    .....        (no amulet) Stlth
                     f - ring of ice
HPRegen 0.20/turn    (no ring)
MPRegen 0.09/turn

%: no passive effects
@: blade hands
A: reduced hp
a: Begin Untransformation, Renounce Religion, Purification


You were on level 3 of the Dungeon.
You worshipped Elyvilon.
Elyvilon was aware of your devotion.
You had blades for hands.
You visited 1 branch of the dungeon, and saw 3 of its levels.

You collected 88 gold pieces.

Inventory:

Hand Weapons
 a - a +0 long sword
 h - a +2 dagger of venom (melded)
Missiles
 d - 3 throwing nets
 e - 3 javelins (quivered)
Armour
 c - a +1 helmet (worn)
 l - a +0 scale mail (worn)
Magical Staves
 b - a staff of conjuration
Jewellery
 f - a ring of ice (left blade hand)
Talismans
 m - a blade talisman
Scrolls
 g - a scroll of vulnerability {unknown}
Potions
 i - a potion of heal wounds
 j - a potion of attraction
 k - a potion of resistance {unknown}


   Skills:
 + Level 2.0 Fighting
 + Level 1.0(2.7) Short Blades
 + Level 3.9(4.0) Long Blades
 + Level 2.2 Throwing
 + Level 1.3 Armour
 + Level 3.2 Dodging


You had 3 spell levels left.
You didn't know any spells.
Your spell library contained the following spells:

 Spells                   Type           Power      Damage    Failure   Level
 Iskenderun's Battlesphe  Conj           0%         2d6       100%        5
 Leda's Unmaking          Conj/Erth      0%         9d1       100%        6
 Spellforged Servitor     Conj/Summ      0%         N/A       100%        7


Dungeon Overview and Level Annotations

Branches:
Dungeon (3/15)

Altars:
Elyvilon


Message History

The goblin shouts!
The endoplasm quivers.
The goblin barely misses you.
The endoplasm hits you but does no damage.
You slash the goblin!
You kill the goblin!
The endoplasm hits you.
Ouch! That really hurt!
You are too injured to fight recklessly!
You are too injured to fight recklessly!
You are too injured to fight recklessly!
You are too injured to fight recklessly!
You are too injured to fight recklessly!
You slash the endoplasm!
You kill the endoplasm!
Found 6 gold pieces.
You now have 73 gold pieces (gained 6).
Key pressed, stopping explore.
You can't do that in your present form.
You see here a +0 robe.
Done exploring.
Done exploring.
Done exploring.
Done exploring.
There is a stone staircase leading down here.
You climb downwards.
Found 15 gold pieces.
There is a stone staircase leading up here.
A rat comes into view.
You see here 15 gold pieces.
You closely miss the rat. The rat misses you.
You slash the rat!
You kill the rat!
You now have 88 gold pieces (gained 15).
There are no items here.
A goblin comes into view. It is wielding a +0 dagger.
The goblin shouts!
The goblin hits you with a +0 dagger.
Ouch! That really hurt!
You die...

#+### #...#
#..# ..##
#.@###.....#
#..g.......#
##.###.....
#.#### ..
#.##.##.#
#.#...#.#
#.....<.#
#.......#
#......##


You could see a goblin.

Vanquished Creatures
  An adder (D:2)
  A dart slug (D:2)
  7 endoplasms
  A giant cockroach (D:1)
  8 goblins
  6 hobgoblins
  10 jackals
  2 quokkas (D:1)
  2 ball pythons
  6 bats
  2 kobolds (D:1)
  5 rats
51 creatures vanquished.

Notes
Turn   | Place    | Note
-------+----------+-------------------------------------------
     0 | D:1      | EC1 the Human Gladiator began the quest for the Orb.
     0 | D:1      | Reached XP level 1. HP: 16/16 MP: 1/1
    46 | D:1      | Reached XP level 2. HP: 19/22 MP: 2/2
   253 | D:1      | Reached XP level 3. HP: 22/27 MP: 3/3
   947 | D:2      | Reached XP level 4. HP: 24/33 MP: 4/4
   985 | D:2      | Found a white marble altar of Elyvilon.
  1000 | D:2      | Became a worshipper of Elyvilon the Healer
  1012 | D:2      | Reached skill level 1 in Short Blades
  1040 | D:2      | Reached skill level 1 in Armour
  1340 | D:2      | Reached * piety under Elyvilon
  1569 | D:3      | Slain by a goblin

Illustrated notes

Levels and vault maps discovered:
D:1:      saegor_arrival_simple_d, layout_loops_corners, minmay_crystal_water,
          hangedman_abyss_or_decor_lesser_grid, kennysheep_doodads,
          nicolae_twisty_statue_hallways
D:2:      layout_basic, basic_altar
D:3:      layout_loops_ring, marbit_many_paths, led_sif_pool,
          shapermc_ecumenical_altar_flowoftime, uniq_ijyb

Skill      XL: |  1  2  3  4 |
---------------+-------------+-----
Short Blades   | 1 |  1.0
Armour         | 1 |  1.3
Fighting       | |  2.0
Long Blades    | |  3.9
Throwing       | |  2.2
Dodging        | |  3.2

Action                     |  1- 3 |  4- 6 || total
---------------------------+-------+-------++-------
  Melee: Long sword        |    12 |       ||    12
         Dagger            |    64 |    24 ||    88
         Unarmed           |       |     5 ||     5
    Use: Scroll            |     2 |     2 ||     4
         Potion            |     2 |       ||     2
   Stab: Sleeping          |     1 |       ||     1
 Armour: Leather armour    |    19 |       ||    19
         Ring mail         |    15 |     1 ||    16
         Scale mail        |       |     9 ||     9
  Dodge: Dodged            |    43 |    26 ||    69
   Form: Blade             |       |     1 ||     1

Table legend: (Time is in decaauts)
 A = Elapsed time spent in this place.
 B = Non-inter-level travel time spent in this place.
 C = Inter-level travel time spent in this place.
 D = Time resting spent in this place.
 E = Time spent auto-exploring this place.
 F = Levels seen in this place.
 G = Mean time per level.
                   A        B        C        D        E       F      G
               +--------+--------+--------+--------+--------+-----+--------+
         Total |   1562 |   1562 |      0 |      0 |    979 |   3 |  520.7 |
       Dungeon |   1562 |   1562 |      0 |      0 |    979 |   3 |  520.7 |
               +--------+--------+--------+--------+--------+-----+--------+

Top non-repeatable levels by time:
     D:1: 920 daAuts
     D:2: 622 daAuts
     D:3: 19 daAuts
